 Dungeon Crawl Stone Soup version 0.18-a0-1805-g8ab820f (webtiles) character file.

295 varam the Skirmisher (level 6, 0/41 HPs)
             Began as a Gargoyle Fighter on Apr 26, 2016.
             Slain by a centaur (5 damage)
             ... on level 5 of the Dungeon.
             The game lasted 00:08:20 (2575 turns).

varam the Skirmisher (Gargoyle Fighter)             Turns: 2575, Time: 00:08:21

Health: 0/41       AC: 11    Str: 20    XL:     6   Next: 34%
Magic:  6/6        EV:  7    Int:  8    God:
Gold:   194        SH:  9    Dex: 11    Spells: 0 memorised, 5 levels left

rFire  . . .     SeeInvis .     w - +0 morningstar
rCold  . . .     Gourm    .     b - +0 scale mail
rNeg   + . .     Faith    +     c - +0 shield
rPois  ∞         Spirit   .     (no helmet)
rElec  +         Dismiss  .     (no cloak)
rCorr  .         Reflect  .     (no gloves)
SustAt .         Harm     .     (no boots)
MR     .....                    r - amulet of faith
Stlth  ..........               (no ring)
                                (no ring)

@: not resistant to hostile enchantments, extremely unstealthy
A: negative energy resistance 1, electricity resistance, unbreathing,
petrification resistance, rot immunity, AC +4
a: no special abilities


You were on level 5 of the Dungeon.
You were not hungry.

You visited 1 branch of the dungeon, and saw 5 of its levels.

You collected 194 gold pieces.

Inventory:

Hand Weapons
 a - a +0 flail
 e - a +2 spear of venom
 w - a +0 morningstar (weapon)
Armour
 b - a +0 scale mail (worn)
 c - a +0 shield (worn)
Jewellery
 f - an uncursed ring of poison resistance {unknown}
 r - an amulet of faith (around neck)
 s - an uncursed ring of resist corrosion {unknown}
 t - an uncursed ring of poison resistance {unknown}
Wands
 u - a wand of lightning (3/15)
Scrolls
 i - 3 scrolls of identify {unknown}
 j - 2 scrolls of remove curse {unknown}
 k - a scroll of blinking {unknown}
 n - a scroll of fog {unknown}
 p - 2 scrolls of random uselessness {unknown}
 y - 2 scrolls of enchant armour {unknown}
Potions
 d - a potion of might
 g - a potion of haste {unknown}
 h - a potion of magic {unknown}
 m - a potion of cancellation {unknown}
 o - 3 potions of curing
 q - a potion of flight {unknown}
 v - a potion of degeneration {unknown}
 z - a potion of heal wounds {unknown}
Comestibles
 l - 2 meat rations
 x - 3 chunks of flesh


   Skills:
 + Level 5.8 Fighting
 + Level 4.6 Maces & Flails
 - Level 3.3 Armour
 - Level 3.3 Shields


You had 5 spell levels left.
You didn't know any spells.

Dungeon Overview and Level Annotations

Branches:
Dungeon (5/15)
 Temple: D:4-7

Altars:
Cheibriados
Dithmenos
Ru
Trog

Annotations:
D:5 Pikel


Innate Abilities, Weirdness & Mutations

You are resistant to torment.
Your stone body is resilient (AC +4).
You are immune to poison.
You resist negative energy.
You are resistant to electric shocks.
You can survive without breathing.
You are immune to petrification.
You are immune to rotting.


Message History

The slave hits you but does no damage. The slave hits you.
* * * LOW HITPOINT WARNING * * *
Pikel barely misses you. You block the slave's attack. x2
You sock the centaur!
The centaur is severely wounded.
You block the centaur's attack. You block the slave's attack.
The slave hits you but does no damage.
Pikel cracks his whip.
Pikel hits you but does no damage. The slave hits you but does no damage.
The slave closely misses you. The centaur hits you.
* * * LOW HITPOINT WARNING * * *
Your shield and scale mail prevent you from hitting the centaur.
The centaur is severely wounded.
You block the centaur's attack. The slave hits you.
* * * LOW HITPOINT WARNING * * *
The slave hits you but does no damage.
Pikel zaps a wand.
You resist with some effort.
It is a wand of polymorph.
The slave hits you.
* * * LOW HITPOINT WARNING * * *
The slave barely misses you. The centaur hits you.
You die...

.. .. ..
####.##
.##...≈≈
.....≈#
#....≈# #
#....≈#+#≈#
#?pKp≈≈.≈≈#
#.c@p!..#.#
##..p..?..#
#<.%.....#
#^..#....#
#...#....#
##### ...#
###


You could see Pikel, 4 slaves and a centaur.

Vanquished Creatures
  The ghost of varam the Covered, an amateur GrFi (D:3)
  A worker ant (D:4)
  2 orc wizards (D:4)
  5 adders (D:2)
  An ooze (D:1)
  A worm (D:2)
  A dart slug (D:3)
  A giant gecko (D:3)
  2 orcs (D:4)
  A ball python (D:3)
  2 giant cockroaches
  8 goblins
  4 hobgoblins
  2 jackals (D:1)
  A quokka (D:2)
  6 bats
  A giant newt (D:2)
  9 kobolds
  5 rats
54 creatures vanquished.

Notes
Turn   | Place    | Note
--------------------------------------------------------------
     0 | D:1      | varam the Gargoyle Fighter began the quest for the Orb.
     0 | D:1      | Reached XP level 1. HP: 14/14 MP: 1/1
   147 | D:1      | Reached XP level 2. HP: 19/19 MP: 2/2
   529 | D:2      | Reached XP level 3. HP: 24/24 MP: 3/3
   604 | D:2      | Reached skill level 4 in Fighting
   647 | D:2      | Reached XP level 4. HP: 25/30 MP: 4/4
   974 | D:2      | Found a bloodstained altar of Trog.
   974 | D:2      | Found a snail-covered altar of Cheibriados.
  1505 | D:3      | Noticed varam's ghost (amateur GrFi)
  1524 | D:3      | Killed varam's ghost
  1524 | D:3      | Reached skill level 5 in Fighting
  1524 | D:3      | Reached XP level 5. HP: 6/35 MP: 5/5
  2086 | D:3      | Found a shadowy altar of Dithmenos.
  2204 | D:3      | Found a sacrificial altar of Ru.
  2472 | D:4      | Reached XP level 6. HP: 40/40 MP: 6/6
  2567 | D:5      | Entered Level 5 of the Dungeon
  2567 | D:5      | Noticed Pikel
  2567 | D:5      | Noticed a slave
  2567 | D:5      | Noticed a slave
  2567 | D:5      | Noticed a slave
  2567 | D:5      | Noticed a slave
  2575 | D:5      | Slain by a centaur

Vault maps used:
D:1:      co_arrival_square_in_a_square_in_a_square
D:2:      gammafunk_temple_overflow_wave
D:3:      nicolae_ru_awakened_eye, nicolae_dithmenos_through_a_glass_darkly
D:4:      good_gods_mini_temple, overflow_temple_1_default,
          nicolae_overflow_hidden_temple, gup_sewer_entry_glass,
          uniq_blork_the_orc
D:5:      nemelex_xobeh_ov_fountains_minmay, lemuel_doored_altar, first_bread,
          serial_shops, nicolae_shop_statue_plus, kennysheep_mini_moat, shop,
          kennysheep_generic_room_5, uniq_pikel, uniq_edmund, uniq_grinder,
          uniq_eustachio

Skill      XL: |  1  2  3  4 |
---------------+-------------+-----
Fighting       | 4 5 |  5.8
Maces & Flails | 3 4 |  4.6
Armour         | |  3.3
Shields        | |  3.3

Action                   |  1- 3 |  4- 6 || total
-------------------------+-------+-------++-------
Melee: Spear             |    84 |    23 ||   107
       Flail             |     7 |       ||     7
       Morningstar       |       |    67 ||    67
  Use: Potion            |       |     1 ||     1
  Eat: Bread ration      |       |     1 ||     1
       Chunk             |       |     1 ||     1
Armor: Scale mail        |    31 |    73 ||   104
Dodge: Dodged            |    25 |    32 ||    57
Block: Shield            |    37 |    44 ||    81
